 Dungeon Crawl Stone Soup version bcrawl-1.28.5 (webtiles) character file.

Game seed: 11529745642371083179

122796 Mehrunes the Slasher (level 3, -4/29 HPs)
             Began as a Demonspawn Abyssal Knight on Jan 27, 2021.
             Was a Believer of Lugonu.
             Slain by an iguana (9 damage)
             ... on level 1 of the Dungeon.
             The game lasted 00:03:23 (1063 turns).

Mehrunes the Slasher (Demonspawn Abyssal Knight)    Turns: 1063, Time: 00:03:23

Health: -4/29      AC:  5    Str: 13    XL:     3   Next: 28%
Magic:  0/5        EV: 10    Int: 13    God:    Lugonu [**....]
Gold:   77         SH:  1    Dex: 12    Spells: 2/2 levels left

rFire    . . .     SeeInvis .   a - +1 falchion
rCold    . . .     Gourm    .   (no shield)
rNeg     . . .     Faith    .   b - +0 ring mail
rPois    .         Spirit   +   (no helmet)
rElec    .         Reflect  .   (no cloak)
rCorr    .         Harm     .   (no gloves)
MR       .....                  (no boots)
Stlth    +.........             (no amulet)
HPRegen  0.09/turn              (no ring)
MPRegen  0.18/turn              (no ring)

@: no status effects
A: magic shield, magic regeneration
a: Depart the Abyss, Bend Space, Banish, Renounce Religion


You were on level 1 of the Dungeon.
You worshipped Lugonu.
Lugonu was pleased with you.
You were hungry.

You visited 1 branch of the dungeon, and saw 2 of its levels.
You visited the Abyss 1 time.

You collected 77 gold pieces.

Inventory:

Hand Weapons
 a - a +1 falchion (weapon)
 m - a +0 dagger of pain
Missiles
 c - 10 tomahawks of dispersal {=f}
 d - 227 stones (quivered)
Armour
 b - a +0 ring mail (worn)
 f - a +0 medium shield
Jewellery
 g - a +2 amulet of reflection {unknown}
Scrolls
 i - a scroll of fog
 k - a scroll of teleportation
 l - a scroll of identify
Potions
 h - 2 potions of haste {unknown}
 n - a potion of heal wounds {unknown}
Comestibles
 e - 4 rations {!d}


   Skills:
 - Level 3.0 Fighting
 + Level 3.4 Long Blades
 - Level 0.8 Throwing
 - Level 1.7 Armour
 - Level 0.8 Dodging
 - Level 2.6 Invocations


You had 2 spell levels left.
You didn't know any spells.
Your spell library was empty.

Dungeon Overview and Level Annotations

Branches:
Dungeon (2/12)

Altars:
Nemelex Xobeh


Innate Abilities, Weirdness & Mutations

When hurt, damage is shared between your health and your magic reserves.
You regenerate magic rapidly.


Message History

The iguana closely misses you.
You hit the iguana.
The iguana is heavily wounded.
The iguana misses you.
You closely miss the iguana.
The iguana is heavily wounded.
The iguana bites you!
* * * LOW HITPOINT WARNING * * *
You closely miss the iguana.
The iguana is heavily wounded.
The iguana closely misses you. The iguana bites you.
* * * LOW HITPOINT WARNING * * *
You hit the iguana but do no damage.
The iguana is heavily wounded.
The iguana bites you.
* * * LOW HITPOINT WARNING * * *
You closely miss the iguana.
The iguana is heavily wounded.
The iguana bites you!
You die...

##.##........................
#.##>.......................
#........##########......#.#
#.)......# #...####.#
#........# ##### #..
#........# ########
#........## #.......
#.........###########.......
##........l@................
#.....#####.......##.......
#.....# #.......##.......
#.....# #.......##.......
####### #.......##.......
#.......#######.# #.......#
#...... #.......# #......
#.......# #......


You could see an iguana.

Vanquished Creatures
  An ooze (D:1)
  A dart slug (D:1)
  2 giant cockroaches (D:1)
  6 goblins
  3 hobgoblins
  2 jackals (D:1)
  A quokka (D:2)
  3 bats (D:1)
  3 frilled lizards
  6 kobolds
  A rat (D:1)
29 creatures vanquished.

Notes
Turn   | Place    | Note
-------+----------+-------------------------------------------
     0 | Abyss:1  | Mehrunes the Demonspawn Abyssal Knight began the quest for
                  | the Orb.
     0 | Abyss:1  | Reached XP level 1. HP: 18/18 MP: 2/2
    13 | D:1      | Escaped the Abyss
   129 | D:1      | Gained mutation: When hurt, damage is shared between your
                  | health and your magic reserves. [demonic ancestry]
   129 | D:1      | Reached XP level 2. HP: 21/24 MP: 4/4
   472 | D:1      | Reached ** piety under Lugonu
   473 | D:1      | Gained mutation: You regenerate magic rapidly. [demonic
                  | ancestry]
   473 | D:1      | Reached XP level 3. HP: 29/29 MP: 5/5
   527 | D:1      | Found a sparkling altar of Nemelex Xobeh.
  1063 | D:1      | Slain by an iguana

Skill      XL: |  1  2 |
---------------+-------+-----
Long Blades    | 2 3 |  3.4
Fighting       | |  3.0
Throwing       | |  0.8
Armour         | |  1.7
Dodging        | |  0.8
Invocations    | |  2.6

Action                   || total
-------------------------++-------
Melee: Falchion          ||    99
  Use: Scroll            ||     2
  Eat: Chunk             ||     2
Armor: Ring mail         ||    49
Dodge: Dodged            ||    62
Block: Other             ||     1
